[Event "Titled Tuesday Blitz January 10 Early 2023"]
[White "Arbunic Castro, Giovanna"]
[Black "Musovic, Armin"]
[WhiteFideId "3400549"]
[BlackFideId "939935"]
[WhiteElo "1930"]
[BlackElo "2261"]
[Result "0-1"]
[Round "01"]
[TimeControl "180+2"]
[Date "2023.01.10"]
[WhiteClock "0:00:05"]
[BlackClock "0:00:35"]

1. e4 c6 2. d4 d5 3. e5 c5 4. dxc5 e6 5. Be3 Nc6 6. Bb5 Qa5+ 7. Nc3 Nh6 8. a3 Qc7 9. f4 Bd7 10. Nf3 Ng4 11. Bg1 h5 12. h3 Nh6 13. Bf2 Nf5 14. O-O h4 15. b4 Be7 16. Re1 Rd8 17. Bxc6 Bxc6 18. Nd4 Nxd4 19. Qxd4 Rh5 20. Rad1 g6 21. Qd2 Kf8 22. Bd4 Kg8 23. Qf2 Bf8 24. g4 hxg3 25. Qxg3 Kh7 26. Kf2 Be7 27. Kf3 b6 28. cxb6 axb6 29. Qg4 Rh4 30. Qg2 Ba8 31. Rg1 Rh8 0-1


[Site "https://www.chess.com"]

[Event "Titled Tuesday Blitz January 10 Early 2023"]
[White "surrenderPLS"]
[Black "Vargas, Mauricio"]
[BlackFideId "4404572"]
[WhiteElo "2533"]
[BlackElo "2035"]
[Result "0-1"]
[Round "01"]
[TimeControl "180+2"]
[Date "2023.01.10"]
[WhiteClock "0:00:01"]
[BlackClock "0:00:22"]

1. e4 c6 2. d4 d5 3. e5 Bf5 4. h4 h6 5. g4 Bh7 6. e6 Qd6 7. exf7+ Kxf7 8. Nf3 Nd7 9. Bd3 Ngf6 10. g5 Ne4 11. h5 Bf5 12. g6+ Ke8 13. Qe2 e6 14. Nbd2 Ndf6 15. Ne5 Rg8 16. Ndf3 Be7 17. Bf4 Qb4+ 18. c3 Nxc3 19. Qd2 Nxa2 20. Qxb4 Nxb4 21. Bxf5 exf5 22. Ke2 Ne4 23. Nh4 Nd6 24. Nd3 Nc2 0-1


[Site "https://www.chess.com"]

[Event "Titled Tuesday Blitz January 10 Early 2023"]
[White "Lutz, Igor Oscar"]
[Black "Bagrationi, Alexander"]
[WhiteFideId "2110806"]
[BlackFideId "14104954"]
[WhiteElo "1969"]
[BlackElo "2454"]
[Result "0-1"]
[Round "01"]
[TimeControl "180+2"]
[Date "2023.01.10"]
[WhiteClock "0:00:29"]
[BlackClock "0:01:08"]

1. d4 f5 2. c4 g6 3. b3 Bg7 4. Bb2 c5 5. Nf3 Nc6 6. e3 Nh6 7. Qd2 O-O 8. d5 Bxb2 9. Qxb2 Nb8 10. g3 d6 11. Bg2 Nf7 12. Nbd2 e5 13. dxe6 Bxe6 14. h4 Nc6 15. O-O Qe7 16. Rad1 Rad8 17. e4 Nfe5 18. Ng5 f4 19. Nxe6 Qxe6 20. Nf3 Nxf3+ 21. Bxf3 Ne5 22. Bg2 f3 23. Bh1 Qh3 0-1


[Site "https://www.chess.com"]

[Event "Titled Tuesday Blitz January 10 Early 2023"]
[White "Lymar, Vladislav"]
[Black "Mohammadian, Mohammad"]
[WhiteFideId "14162180"]
[BlackFideId "12566055"]
[WhiteElo "2119"]
[BlackElo "1398"]
[Result "1-0"]
[Round "01"]
[TimeControl "180+2"]
[Date "2023.01.10"]
[WhiteClock "0:00:55"]
[BlackClock "0:00:20"]

1. e4 e5 2. Nf3 Nc6 3. Nc3 Nf6 4. a3 d6 5. d4 Bg4 6. d5 Nd4 7. Be2 Nxe2 8. Qxe2 Be7 9. O-O O-O 10. Be3 Qd7 11. h3 Bh5 12. a4 a5 13. Rad1 Rfe8 14. Kh2 h6 15. Rg1 Kh8 16. g4 Bg6 17. Bc1 b6 18. Nh4 Bh7 19. Nf5 Ng8 20. Nb5 g6 21. Nxh6 Nxh6 22. Bxh6 Bf8 23. Qe3 Kg8 24. Bxf8 Rxf8 25. Qh6 f6 26. Rd3 Rf7 27. h4 Rg7 28. Qd2 Kf7 29. Rf3 Ke7 30. g5 fxg5 31. Qxg5+ Ke8 32. Qf6 Qe7 33. Nxc7+ Qxc7 34. Qf8+ Kd7 35. Qxg7+ Kc8 36. Rf8+ Kb7 37. Qxc7+ Kxc7 38. Rxa8 g5 39. Ra7+ Kb8 40. Rxh7 1-0


[Site "https://www.chess.com"]

[Event "Titled Tuesday Blitz January 10 Early 2023"]
[White "Muhammed , Zahid"]
[Black "Quinones Garcia, Santiago"]
[WhiteFideId "7800967"]
[BlackFideId "4408497"]
[WhiteElo "2748"]
[BlackElo "2263"]
[Result "0-1"]
[Round "02"]
[TimeControl "180+1"]
[Date "2023.01.10"]
[WhiteClock "0:01:09"]
[BlackClock "0:00:09"]

1. e4 e5 2. Nf3 Nc6 3. Bb5 a6 4. Bxc6 dxc6 5. Nc3 f6 6. h3 Bd6 7. d4 exd4 8. Qxd4 Be6 9. Be3 c5 10. Qd3 Ne7 11. O-O-O O-O 12. e5 fxe5 13. Ng5 Bf5 14. Qc4+ Kh8 15. Nf7+ Rxf7 16. Qxf7 Bg6 17. Qf3 Qc8 18. Ne4 Bxe4 19. Qxe4 b6 20. Rhe1 Qf8 21. f3 Re8 22. Qd3 a5 23. a4 Nc6 24. c3 Ne7 25. Qe4 Qf7 26. Kc2 Ng6 27. h4 Rf8 28. h5 Nf4 29. Bxf4 exf4 30. Qd5 Qd7 31. Qe4 h6 32. c4 Qxa4+ 33. Kb1 Qd7 34. Qg6 Qf5+ 35. Qxf5 Rxf5 36. Rd5 Rf8 37. Ka2 Kg8 38. Kb3 Rd8 39. Ka4 Rf8 40. Kb5 Rd8 41. b3 Rf8 42. Kc6 Rd8 43. Re6 Ra8 44. Re2 Rf8 45. Kd7 Rf7+ 46. Kd8 Kh7 47. Re6 Rf8+ 48. Re8 Rf7 49. Re6 Rf8+ 50. Kd7 Rf7+ 51. Kc6 Rf8 52. Re2 Rf6 53. Kb7 Rf8 54. Red2 Rf6 55. Kc6 Rf8 56. Rxd6 cxd6 57. Rxd6 Ra8 58. Kb5 Re8 59. Rxb6 Re5 60. Rg6 Rxh5 61. Rg4 Rf5 62. Kxa5 g5 63. g3 h5 64. Rxg5 Rxg5 65. gxf4 Rf5 66. b4 cxb4+ 67. Kxb4 h4 68. c5 Rxc5 69. Kxc5 h3 70. Kd4 h2 71. Ke3 h1=Q 72. Kf2 Qh4+ 73. Ke3 Kg6 74. f5+ Kxf5 75. f4 Qxf4+ 76. Kd3 Qe4+ 77. Kc3 Ke5 78. Kb3 Qd4 79. Kc2 Qe3 80. Kb2 Qd3 81. Kc1 Qe2 82. Kb1 Kd4 0-1


[Site "https://www.chess.com"]

[Event "Titled Tuesday Blitz January 10 Early 2023"]
[White "Nakamura, Hikaru"]
[Black "Garcia Ramos, Daniel"]
[WhiteFideId "2016192"]
[BlackFideId "32010311"]
[WhiteElo "2775"]
[BlackElo "2442"]
[Result "1-0"]
[Round "02"]
[TimeControl "180+2"]
[Date "2023.01.10"]
[WhiteClock "0:01:27"]
[BlackClock "0:00:16"]

1. Nf3 d5 2. e3 e6 3. c4 Nf6 4. Nc3 c6 5. b3 Bd6 6. Bb2 O-O 7. Qc2 e5 8. Be2 e4 9. Nd4 Re8 10. cxd5 cxd5 11. Ncb5 Be5 12. Rc1 Nbd7 13. Nc7 Bxc7 14. Qxc7 Qxc7 15. Rxc7 Ne5 16. f4 exf3 17. gxf3 Rb8 18. Nb5 Bd7 19. Nd6 Re6 20. Rxb7 Rd8 21. Nf5 Nc6 22. Nd4 Nxd4 23. Bxd4 a6 24. Kf2 Be8 25. Rc1 h5 26. h4 Nd7 27. Ra7 Ne5 28. Bxe5 Rxe5 29. d4 Re6 30. Rxa6 Rxa6 31. Bxa6 Ra8 32. Rc8 Rxc8 33. Bxc8 Kf8 34. Bf5 Ke7 35. Bd3 Kd6 36. a4 Kc7 37. a5 1-0


[Site "https://www.chess.com"]

[Event "Titled Tuesday Blitz January 10 Early 2023"]
[White "Dubov, Daniil"]
[Black "Ordekalog"]
[WhiteFideId "24126055"]
[WhiteElo "2708"]
[BlackElo "2635"]
[Result "1-0"]
[Round "02"]
[TimeControl "180+2"]
[Date "2023.01.10"]
[WhiteClock "0:01:17"]
[BlackClock "0:00:01"]

1. d4 d5 2. Nf3 e6 3. Bg5 Be7 4. Bxe7 Nxe7 5. Nbd2 c5 6. dxc5 Qa5 7. c3 Qxc5 8. e4 O-O 9. Bd3 Nbc6 10. O-O e5 11. Re1 Bg4 12. Qa4 Bh5 13. Rad1 Rad8 14. exd5 Qxd5 15. Nc4 Bxf3 16. Ne3 Qe6 17. gxf3 Rxd3 18. Rxd3 Qg6+ 19. Qg4 Qxd3 20. Rd1 Qg6 21. Rd7 b6 22. b4 a6 23. a4 Rd8 24. Rc7 b5 25. a5 h5 26. Qxg6 fxg6 27. Rb7 Ra8 28. c4 bxc4 29. Nxc4 Kf7 30. Nd6+ Ke6 31. Ne4 Ra7 32. Nc5+ Kd6 33. Rb6 Kd5 34. Nxa6 Nf5 35. Rb5+ Kd4 36. Nc5 Nxb4 37. Ne6+ Kc4 38. Rc5+ Kb3 39. Rxe5 1-0


[Site "https://www.chess.com"]

[Event "Titled Tuesday Blitz January 10 Early 2023"]
[White "Tatarinov, Dmitry"]
[Black "Sarana, Alexey"]
[WhiteFideId "24160067"]
[BlackFideId "24133795"]
[WhiteElo "2310"]
[BlackElo "2685"]
[Result "0-1"]
[Round "02"]
[TimeControl "180+2"]
[Date "2023.01.10"]
[WhiteClock "0:00:26"]
[BlackClock "0:00:18"]

1. c4 e6 2. Nf3 d5 3. d4 Nf6 4. g3 Bb4+ 5. Bd2 Be7 6. Bg2 c6 7. Qc2 Nbd7 8. O-O a5 9. b3 O-O 10. Nc3 b6 11. e4 Ba6 12. exd5 cxd5 13. Ne5 Rc8 14. Rfd1 dxc4 15. Nc6 Qe8 16. d5 exd5 17. Nxd5 Nxd5 18. Bxd5 Nf6 19. Nxe7+ Qxe7 20. Bg2 Qe2 21. bxc4 Bxc4 22. Qb2 Bd5 23. Bc3 Qxb2 24. Bxb2 Bxg2 25. Bxf6 Bf3 26. Rd3 Be2 27. Rd2 Bc4 28. Bd4 b5 29. Bb6 Ra8 30. a3 h6 31. h4 Rfb8 32. Bc7 Rc8 33. Be5 Be6 34. Rb1 Rc5 35. Bd6 Rf5 36. Bf4 Rc8 37. Be3 Kh7 38. Bb6 Ra8 39. Rd8 Ra6 40. Rb8 Bc4 41. Be3 Rd6 42. Rc1 Rfd5 43. Kh2 Rd1 44. Rxd1 Rxd1 45. g4 Rd3 46. Bc5 Rb3 47. Ra8 a4 48. Re8 Be6 49. g5 Rh3+ 50. Kg2 Rxh4 51. gxh6 Rxh6 52. Rb8 Bc4 53. Bb4 Rg6+ 54. Kf3 Rf6+ 55. Ke3 Re6+ 56. Kd4 f6 57. Rb7 Kg8 58. Rb8+ Kh7 59. Rb7 Re5 60. Bf8 Rg5 61. Be7 Kg6 62. Bf8 Kh6 63. Rb6 Rg4+ 64. Kc3 Kh5 65. Rb7 Kh6 66. Rb6 Kh7 67. Rb7 Kg8 68. Bc5 Rf4 69. Rb8+ Kf7 70. Rb7+ Kg8 71. Rb8+ Kh7 72. Rb7 Kh6 73. Bf8 Rf3+ 74. Kd2 Rxf2+ 75. Ke3 Rg2 76. Rb6 Kh7 77. Rb7 Rg5 78. Be7 Kg8 79. Rb8+ Kf7 80. Bb4 Re5+ 81. Kd4 g5 82. Rf8+ Kg7 83. Rb8 Rd5+ 84. Ke3 f5 85. Rb7+ Kg6 86. Rb6+ Kh5 87. Rb8 Rd3+ 88. Kf2 f4 89. Rg8 Re3 90. Rh8+ Kg4 91. Be7 Re2+ 92. Kg1 Rxe7 93. Rh2 Re1+ 94. Kg2 Re2+ 95. Kh1 Rxh2+ 96. Kg1 Kf3 97. Kxh2 g4 98. Kg1 g3 99. Kh1 Be6 100. Kg1 Bh3 101. Kh1 Ke2 102. Kg1 f3 103. Kh1 Kd2 104. Kg1 b4 105. Kh1 f2 0-1


[Site "https://www.chess.com"]

[Event "Titled Tuesday Blitz January 10 Early 2023"]
[White "Duda, Jan-Krzysztof"]
[Black "Murzin, Volodar"]
[WhiteFideId "1170546"]
[BlackFideId "44155573"]
[WhiteElo "2724"]
[BlackElo "2604"]
[Result "1-0"]
[Round "02"]
[TimeControl "180+2"]
[Date "2023.01.10"]
[WhiteClock "0:00:12"]
[BlackClock "0:00:12"]

1. Nf3 d5 2. c4 c6 3. g3 Bg4 4. Bg2 e6 5. Ne5 Bh5 6. cxd5 exd5 7. Nc3 Bd6 8. d4 Nf6 9. O-O O-O 10. Nd3 Re8 11. h3 Bg6 12. Nf4 Nbd7 13. Nxg6 hxg6 14. Bg5 Qb6 15. Qd3 Nf8 16. Bd2 Ne6 17. e3 Ng5 18. Rfc1 Nge4 19. Be1 Re7 20. Rab1 Rae8 21. Qd1 a6 22. b4 Nxc3 23. Rxc3 Ne4 24. Rcb3 Qd8 25. a4 b5 26. Rc1 Qd7 27. axb5 axb5 28. Ra3 Qd8 29. Rxc6 Rc7 30. Qc2 Ree7 31. Raa6 Qc8 32. Rab6 Nf6 33. Bf1 Ne4 34. Bg2 g5 35. Bxe4 dxe4 36. Kg2 g6 37. d5 Qf5 38. Qe2 Rxc6 39. dxc6 Qd5 40. Qxb5 Qd1 41. Bc3 Qf3+ 42. Kg1 Bxg3 43. Rb8+ Bxb8 44. Qxb8+ Re8 45. Qxe8+ 1-0


[Site "https://www.chess.com"]

[Event "Titled Tuesday Blitz January 10 Early 2023"]
[White "Sadubayev, Airat"]
[Black "Deac, Bogdan-Daniel"]
[WhiteFideId "13713264"]
[BlackFideId "1226380"]
[WhiteElo "2320"]
[BlackElo "2700"]
[Result "1-0"]
[Round "02"]
[TimeControl "180+2"]
[Date "2023.01.10"]
[WhiteClock "0:00:08"]
[BlackClock "0:00:04"]

1. d4 g6 2. c4 Bg7 3. Nc3 d6 4. e4 e5 5. Be3 exd4 6. Bxd4 Nf6 7. f3 O-O 8. Nge2 c5 9. Be3 Nc6 10. Nf4 Be6 11. Be2 Ne5 12. b3 Qa5 13. Bd2 Qb6 14. O-O Nc6 15. Rc1 Nd4 16. Bd3 Nd7 17. Ncd5 Qd8 18. Kh1 a6 19. Bc3 Be5 20. Ne2 Bxd5 21. cxd5 Nxe2 22. Qxe2 b5 23. Bd2 Rb8 24. Qf2 Re8 25. f4 Bd4 26. Qf3 c4 27. bxc4 b4 28. Bb1 a5 29. Rce1 Qc7 30. Bd3 a4 31. e5 dxe5 32. f5 Nc5 33. fxg6 hxg6 34. d6 Qd7 35. Be4 Nxe4 36. Rxe4 Re6 37. Rh4 Rxd6 38. Bg5 f5 39. Qh3 e4 40. Bf4 Rd8 41. Bxd6 Qxd6 42. Rd1 Qf6 43. Qg3 e3 44. Qe1 f4 45. Rg4 Bc3 46. Qe2 Rxd1+ 47. Qxd1 g5 48. h4 Kf8 49. Rxg5 Qe7 50. Qe2 Qd6 51. Rf5+ Ke7 52. g3 Qd2 53. Qh5 Qe1+ 54. Kh2 Qf2+ 55. Kh1 Qe1+ 56. Kh2 Qxg3+ 57. Kh1 Qe1+ 58. Kh2 Qf2+ 59. Kh1 Qg3 60. Qf7+ Kd8 61. Rd5+ Kc8 62. Qd7+ Kb8 63. Rb5+ 1-0


[Site "https://www.chess.com"]

[Event "Titled Tuesday Blitz January 10 Early 2023"]
[White "Nepomniachtchi, Ian"]
[Black "Barrientos, Sergio E"]
[WhiteFideId "4168119"]
[BlackFideId "4401824"]
[WhiteElo "2794"]
[BlackElo "2479"]
[Result "1-0"]
[Round "02"]
[TimeControl "180+2"]
[Date "2023.01.10"]
[WhiteClock "0:01:40"]
[BlackClock "0:00:24"]

1. e4 c5 2. Nf3 d6 3. d4 Nf6 4. Nc3 cxd4 5. Nxd4 g6 6. f3 a6 7. Be3 Nbd7 8. Bc4 b5 9. Bb3 Bb7 10. Qd2 Bg7 11. Bh6 Bxh6 12. Qxh6 Rc8 13. O-O-O Rxc3 14. bxc3 Qc7 15. Kb2 Ne5 16. Rhe1 Nfd7 17. f4 Nc4+ 18. Bxc4 Qxc4 19. Qg7 Rf8 20. e5 dxe5 21. Nb3 Nb6 22. Qxe5 Na4+ 23. Kc1 e6 24. Qd6 Qc8 25. Re3 Nxc3 26. Rxc3 Qxc3 27. Qd7# 1-0


[Site "https://www.chess.com"]

[Event "Titled Tuesday Blitz January 10 Early 2023"]
[White "Lewtak, Damian"]
[Black "Sadhwani, Raunak"]
[WhiteFideId "1141724"]
[BlackFideId "35093487"]
[WhiteElo "2381"]
[BlackElo "2627"]
[Result "1/2-1/2"]
[Round "02"]
[TimeControl "180+2"]
[Date "2023.01.10"]
[WhiteClock "0:00:08"]
[BlackClock "0:00:10"]

1. e4 d6 2. Nc3 g6 3. d4 Bg7 4. Be3 c6 5. Qd2 b5 6. a3 Nd7 7. h4 h5 8. d5 cxd5 9. Qxd5 Rb8 10. Bxa7 Ngf6 11. Qd2 b4 12. Nb5 Rb7 13. Qxb4 Ne5 14. Be3 O-O 15. Be2 Bd7 16. Nf3 Nc6 17. Qb3 Nxe4 18. a4 Qa5+ 19. c3 Nf6 20. O-O Ng4 21. Bg5 Na7 22. c4 Nc6 23. Bd2 Qd8 24. Bc3 Nf6 25. Qc2 Qa8 26. a5 Rc8 27. a6 Rb6 28. Qa4 Ne4 29. Bxg7 Kxg7 30. a7 Rb7 31. Qa3 Bg4 32. Rfe1 Nc5 33. Qc3+ Kg8 34. b4 Ne4 35. Qe3 Nf6 36. Reb1 Nd7 37. Nfd4 Nxd4 38. Bxg4 Nc2 39. Qxe7 hxg4 40. Ra2 Ne5 41. Qxd6 Nxc4 42. Qd3 N2e3 43. fxe3 Rxb5 44. Rc1 Rd5 45. Rxc4 Rxd3 46. Rxc8+ Qxc8 47. a8=Q Qxa8 48. Rxa8+ Kg7 49. Re8 g3 50. Kf1 Rd2 51. Re4 Rf2+ 52. Kg1 Rb2 53. Kf1 f5 54. Rc4 Kh6 55. e4 Rf2+ 56. Ke1 Rxg2 57. exf5 gxf5 58. Rf4 Rb2 59. Kf1 Kg6 60. Kg1 Kf6 61. Rf3 Rxb4 62. Rxg3 Rxh4 63. Ra3 Rb4 64. Kf2 Kg5 65. Rc3 Kf4 66. Ra3 Kg4 67. Rc3 f4 68. Ra3 Rb2+ 69. Kf1 Rd2 70. Rc3 Rd5 71. Rb3 Rh5 72. Rc3 Rh2 73. Rb3 Kf5 74. Rc3 Ke4 75. Rb3 Rc2 76. Ra3 f3 77. Ra8 Kf4 78. Rf8+ Ke3 79. Re8+ Kf4 80. Rf8+ Ke3 81. Re8+ Kf4 82. Rf8+ 1/2-1/2


[Site "https://www.chess.com"]

[Event "Titled Tuesday Blitz January 10 Early 2023"]
[White "Andreikin, Dmitry"]
[Black "Fromm, Marius"]
[WhiteFideId "4158814"]
[BlackFideId "12993190"]
[WhiteElo "2729"]
[BlackElo "2457"]
[Result "1-0"]
[Round "02"]
[TimeControl "180+2"]
[Date "2023.01.10"]
[WhiteClock "0:01:27"]
[BlackClock "0:00:13"]

1. e4 c5 2. Nf3 d6 3. d4 cxd4 4. Nxd4 Nf6 5. Nc3 a6 6. Be2 e5 7. Nb3 Be7 8. Be3 Be6 9. Bf3 O-O 10. g4 Ne8 11. h4 Nc6 12. g5 f6 13. Bg4 f5 14. exf5 Bxf5 15. Bxf5 Rxf5 16. Qd3 Rf8 17. O-O-O Nc7 18. Kb1 Qc8 19. Bb6 Ne6 20. Nd5 Bd8 21. Rhg1 Nf4 22. Nxf4 Rxf4 23. Be3 Rxh4 24. Qxd6 Be7 25. Qd5+ Kh8 26. a3 Qf5 27. Qd7 Qxd7 28. Rxd7 Rb8 29. Nd2 Kg8 30. Nf3 Re4 31. Rh1 Bf8 32. Nh4 Nd4 33. c3 Ne6 34. g6 h6 35. Nf3 Bc5 36. Bxc5 Nxc5 37. Re7 Nd3 38. Ng5 hxg5 39. Rh7 Rf4 40. Rexg7+ Kf8 41. Rd7 Kg8 42. Rxd3 Rf6 43. Rdh3 Rxg6 44. Rh8+ 1-0


[Site "https://www.chess.com"]

[Event "Titled Tuesday Blitz January 10 Early 2023"]
[White "Tica, Sven"]
[Black "Bluebaum, Matthias"]
[WhiteFideId "14526948"]
[BlackFideId "24651516"]
[WhiteElo "2431"]
[BlackElo "2669"]
[Result "0-1"]
[Round "02"]
[TimeControl "180+2"]
[Date "2023.01.10"]
[WhiteClock "0:00:49"]
[BlackClock "0:01:10"]

1. e4 e6 2. b3 d5 3. Bb2 a6 4. e5 c5 5. f4 Nc6 6. Nf3 Nh6 7. c3 Nf5 8. a3 Be7 9. d4 Ne3 10. Qd3 Nxf1 11. Rxf1 Qb6 12. b4 cxd4 13. cxd4 Bd7 14. Nc3 Na5 15. Nd2 Rc8 16. Kf2 Nc4 17. Rab1 f6 18. Kg1 O-O 19. Rf3 fxe5 20. fxe5 Nxe5 21. Rxf8+ Rxf8 22. Qe2 Qxd4+ 23. Kh1 Nd3 24. Nf3 Qc4 25. Ba1 Nf4 26. Qxc4 dxc4 27. Ne5 Be8 28. Nxc4 Nd3 29. Ne4 Bg6 30. Ncd2 Nf2+ 31. Nxf2 Bxb1 32. Nf3 Bf6 0-1


[Site "https://www.chess.com"]

[Event "Titled Tuesday Blitz January 10 Early 2023"]
[White "Jobava, Baadur"]
[Black "Atakhan, Abtin"]
[WhiteFideId "13601520"]
[BlackFideId "22502203"]
[WhiteElo "2578"]
[BlackElo "2422"]
[Result "1-0"]
[Round "02"]
[TimeControl "180+2"]
[Date "2023.01.10"]
[WhiteClock "0:00:03"]
[BlackClock "0:00:01"]

1. d4 Nf6 2. Nc3 d5 3. Bf4 e6 4. Nb5 Na6 5. e3 c6 6. Nc3 Bb4 7. Bxa6 bxa6 8. Ne2 a5 9. a3 Be7 10. Qd3 O-O 11. O-O Qb6 12. Na4 Qb5 13. Nec3 Qxd3 14. cxd3 Ba6 15. Rfd1 Nd7 16. Bc7 Bd8 17. Bxd8 Rfxd8 18. Rac1 Rab8 19. f4 Rb3 20. Kf2 Bb5 21. Ke2 Nb6 22. Nc5 Rxb2+ 23. Rd2 Rxd2+ 24. Kxd2 a4 25. Rb1 Kf8 26. Nxb5 cxb5 27. Rxb5 Rc8 28. Ra5 Rc7 29. Nxa4 Nxa4 30. Rxa4 Ke7 31. Ra6 h5 32. a4 Rd7 33. a5 Rc7 34. e4 g6 35. Ke3 Rd7 36. Rc6 Rb7 37. a6 Rd7 38. g3 Rd6 39. Rc7+ Rd7 40. Rb7 Kd6 41. Rb8 Kc7 42. Rb2 Kd6 43. h3 Rc7 44. g4 hxg4 45. hxg4 Rc6 46. Rb7 Rc7 47. Rb8 Rc6 48. e5+ Kd7 49. Rb7+ Rc7 50. Rb2 Rc6 51. Ra2 Rc1 52. Rb2 Rc6 53. f5 gxf5 54. gxf5 exf5 55. Rb7+ Ke6 56. Rxa7 f6 57. Ra8 fxe5 58. a7 f4+ 59. Kf3 e4+ 60. Kxf4 1-0


[Site "https://www.chess.com"]

[Event "Titled Tuesday Blitz January 10 Early 2023"]
[White "Liyanage, Ranindu Dilshan"]
[Black "Salem, A.R. Saleh"]
[WhiteFideId "9915834"]
[BlackFideId "9301348"]
[WhiteElo "2342"]
[BlackElo "2677"]
[Result "0-1"]
[Round "02"]
[TimeControl "180+2"]
[Date "2023.01.10"]
[WhiteClock "0:00:56"]
[BlackClock "0:02:14"]

1. e4 c5 2. Nf3 e6 3. d4 cxd4 4. Nxd4 Nc6 5. Nc3 d6 6. g4 a6 7. Bg2 Nge7 8. Be3 Bd7 9. h4 b5 10. Qd2 Ne5 11. b3 Nxg4 12. Bg5 h6 13. Be3 Rc8 14. Nde2 Ng6 15. h5 Nh4 16. Kf1 Nxg2 17. Kxg2 Nxe3+ 18. Qxe3 b4 19. Nd1 Rxc2 20. Nd4 Rc5 21. f4 Be7 22. Nf2 Rc3 23. Qe2 Qb6 24. Rad1 O-O 25. Rhg1 Qc5 26. Qg4 Bf6 27. Nf3 Rc2 28. Rdf1 Bb5 0-1


[Site "https://www.chess.com"]

[Event "Titled Tuesday Blitz January 10 Early 2023"]
[White "Bortnyk, Olexandr"]
[Black "Tillyaev, Ulugbek"]
[WhiteFideId "14120828"]
[BlackFideId "14202441"]
[WhiteElo "2605"]
[BlackElo "2287"]
[Result "1-0"]
[Round "02"]
[TimeControl "180+2"]
[Date "2023.01.10"]
[WhiteClock "0:00:05"]
[BlackClock "0:00:03"]

1. e4 c5 2. c3 Nf6 3. e5 Nd5 4. d4 cxd4 5. Nf3 Nc6 6. cxd4 d6 7. Bc4 e6 8. O-O Be7 9. Qe2 O-O 10. Rd1 Na5 11. Bd3 Nb4 12. exd6 Qxd6 13. Be4 f5 14. Bd3 Nxd3 15. Qxd3 b6 16. Nc3 Bb7 17. Ne5 Rac8 18. Bf4 Qb4 19. Rab1 Bf6 20. Nd7 Rf7 21. Nxf6+ Rxf6 22. Be5 Rg6 23. f3 Nc4 24. a3 Nxe5 25. axb4 Nxd3 26. Rxd3 Rc4 27. b5 Rb4 28. Kf2 Rh6 29. Rd2 Rh4 30. Ra1 Rhxd4 31. Rxd4 Rxd4 32. Rxa7 Bd5 33. Ra6 Rb4 34. Rxb6 Rxb2+ 35. Kg3 Kf7 36. h4 h6 37. h5 Bc4 38. Kf4 Kf6 39. Rc6 Rb4 40. Ke3 Kg5 41. b6 f4+ 42. Kf2 Kxh5 43. Rc7 g5 44. Rc6 Bd5 45. Rd6 Rb2+ 46. Kg1 Bc4 47. Ne4 Bd5 48. Nf6+ Kh4 49. Nxd5 Kg3 50. Nc3 Rxg2+ 51. Kf1 Rf2+ 52. Ke1 Rb2 53. Rxe6 Kxf3 54. Rxh6 g4 55. Na4 Rb1+ 56. Kd2 g3 57. Nc3 g2 58. Nxb1 g1=Q 59. Nc3 Qe3+ 60. Kc2 Qf2+ 61. Kb3 Qf1 62. b7 Qd3 63. b8=Q Qd4 64. Qb7+ Kf2 65. Rh2+ Kf1 66. Qg2+ Ke1 67. Qe2# 1-0


[Site "https://www.chess.com"]

[Event "Titled Tuesday Blitz January 10 Early 2023"]
[White "Sattarov, Bobir"]
[Black "Pranav, V"]
[WhiteFideId "14203081"]
[BlackFideId "25060783"]
[WhiteElo "2366"]
[BlackElo "2597"]
[Result "0-1"]
[Round "02"]
[TimeControl "180+2"]
[Date "2023.01.10"]
[WhiteClock "0:00:33"]
[BlackClock "0:01:30"]

1. e4 e5 2. Nf3 Nc6 3. Nc3 Nf6 4. a3 g6 5. d4 exd4 6. Nxd4 Bg7 7. Nxc6 bxc6 8. e5 Qe7 9. Qe2 Nd5 10. Nxd5 cxd5 11. Bf4 O-O 12. O-O-O Bb7 13. Bg3 c5 14. f4 Rab8 15. h4 d4 16. h5 Bd5 17. Qa6 Rb6 18. Qa5 Rfb8 19. b4 d6 20. exd6 Qe3+ 21. Rd2 Qxg3 22. Qxc5 Qxa3+ 0-1


[Site "https://www.chess.com"]

[Event "Titled Tuesday Blitz January 10 Early 2023"]
[White "Anton Guijarro, David"]
[Black "McCoy, Owen"]
[WhiteFideId "2285525"]
[BlackFideId "30924502"]
[WhiteElo "2690"]
[BlackElo "2085"]
[Result "1-0"]
[Round "02"]
[TimeControl "180+2"]
[Date "2023.01.10"]
[WhiteClock "0:00:21"]
[BlackClock "0:00:08"]

1. Nf3 d5 2. c4 e6 3. g3 Nf6 4. Bg2 Be7 5. O-O d4 6. e3 Nc6 7. exd4 Nxd4 8. Nxd4 Qxd4 9. d3 O-O 10. Nc3 Rd8 11. Nb5 Qd7 12. Bf4 Ne8 13. Qb3 c6 14. Nc3 Qxd3 15. Rad1 Qf5 16. Rxd8 Bxd8 17. Rd1 Be7 18. Qa4 e5 19. Bxc6 exf4 20. Be4 Qe6 21. Qxe8+ Bf8 22. Rd8 Qxe8 23. Rxe8 fxg3 24. hxg3 g6 25. Nb5 Kg7 26. a3 a6 27. Nc7 Rb8 28. Nd5 Bd6 29. Nb6 Be6 30. Rxb8 Bxb8 31. Bxb7 a5 32. b4 axb4 33. axb4 Kf8 34. c5 Ke7 35. Bd5 Bf5 36. Nc4 Ba7 37. Kg2 Bd3 38. f4 f5 39. Kf3 Bc2 40. Ke3 Kd7 41. Kd4 Bb3 42. b5 Bxc4 43. Kxc4 Kc8 44. b6 Bb8 45. c6 g5 46. Be6+ Kd8 47. fxg5 Bxg3 48. Bxf5 Bf4 49. Kb5 1-0


[Site "https://www.chess.com"]

[Event "Titled Tuesday Blitz January 10 Early 2023"]
[White "Martinez Alcantara, Jose Eduardo"]
[Black "Volkov, Maksim"]
[WhiteFideId "3805662"]
[BlackFideId "54123070"]
[WhiteElo "2619"]
[BlackElo "2258"]
[Result "1/2-1/2"]
[Round "02"]
[TimeControl "180+2"]
[Date "2023.01.10"]
[WhiteClock "0:00:10"]
[BlackClock "0:00:03"]

1. e4 c5 2. Nf3 d6 3. c3 Nf6 4. h3 Nc6 5. Bd3 e6 6. Bc2 a6 7. O-O b5 8. d4 cxd4 9. cxd4 Nb4 10. Nc3 Bb7 11. Bb1 Be7 12. Re1 O-O 13. a3 Nc6 14. Bf4 Rc8 15. Ba2 Na5 16. Qe2 Nc4 17. a4 b4 18. Nb1 Na5 19. Nbd2 Qb6 20. Qd3 d5 21. exd5 Bxd5 22. Bxd5 Nxd5 23. Bg3 Rfd8 24. Rac1 b3 25. Ne5 Nb4 26. Qf3 f6 27. Nec4 Nxc4 28. Rxc4 Nc2 29. Re4 Nxd4 30. Rexd4 Rxd4 31. Rxc8+ Bf8 32. Nxb3 Rd5 33. Qe3 Qxe3 34. fxe3 Kf7 35. Kf1 Rd3 36. Rc3 Rd5 37. Ke2 Bb4 38. Rc7+ Kg6 39. e4 Rg5 40. Rc4 Rxg3 41. Rxb4 Rxg2+ 42. Kf3 Rxb2 43. Rb6 a5 44. Rb5 Ra2 45. Nc5 Ra3+ 46. Kg2 e5 47. Rxa5 Kg5 48. Ra7 Kf4 49. Rxg7 Ra2+ 50. Kh1 h5 51. Rg6 f5 52. exf5 Kxf5 53. Rg2 Ra1+ 54. Rg1 Ra3 55. Kh2 e4 56. Re1 e3 57. Kg3 h4+ 58. Kxh4 Kf4 59. Kh5 Kf3 60. Ne6 Rxa4 61. Rb1 e2 62. Nc5 Rd4 63. Rb3+ Kf2 64. Rb2 Rd5+ 65. Kg4 Rxc5 66. h4 Ke3 67. Rxe2+ Kxe2 68. h5 Ke3 69. h6 Rc1 70. Kg5 Rg1+ 71. Kf6 Rf1+ 72. Kg7 Rg1+ 73. Kf6 Kf4 74. h7 Rh1 75. Kg7 Rg1+ 76. Kf7 Rh1 77. Kg7 Kg5 78. h8=Q Rxh8 79. Kxh8 1/2-1/2


[Site "https://www.chess.com"]

[Event "Titled Tuesday Blitz January 10 Early 2023"]
[White "UnknownMagician"]
[Black "Praggnanandhaa R"]
[BlackFideId "25059530"]
[WhiteElo "2657"]
[BlackElo "2688"]
[Result "0-1"]
[Round "02"]
[TimeControl "180+2"]
[Date "2023.01.10"]
[WhiteClock "0:00:26"]
[BlackClock "0:01:19"]

1. c4 d6 2. Nc3 e5 3. d3 Nc6 4. g3 f5 5. Bg2 Nf6 6. Nf3 g6 7. O-O Bg7 8. Rb1 a5 9. a3 O-O 10. Bg5 h6 11. Bxf6 Rxf6 12. Nd5 Rf7 13. b4 axb4 14. axb4 Ne7 15. Nxe7+ Qxe7 16. b5 Kh7 17. Ne1 e4 18. Nc2 c6 19. bxc6 bxc6 20. Nb4 Bd7 21. Qc2 Re8 22. Rfd1 e3 23. f4 Rc8 24. d4 Qe8 25. Qd3 g5 26. fxg5 hxg5 27. d5 c5 28. Nc6 Kh8 29. Rb7 Rf8 30. Rdb1 Ra8 31. Bh3 g4 32. Bg2 f4 33. gxf4 Bf5 34. Qd1 Bxb1 35. Qxb1 Ra1 0-1


[Site "https://www.chess.com"]